 Dungeon Crawl Stone Soup version 0.29.0-15-g675c0067aa (webtiles) character file.

Game seed: 160304800478522753

8208 greasedhog the Skirmisher (level 11, -4/62 HPs)
             Began as a Gargoyle Wanderer on Sept 11, 2022.
             Was a Believer of Hepliaklqana.
             Slain by an orc warrior
             ... wielding a +0 dire flail
              (6 damage)
             ... on level 9 of the Dungeon.
             The game lasted 00:21:56 (8064 turns).

greasedhog the Skirmisher (Gargoyle Wanderer)       Turns: 8064, Time: 00:21:57

Health: -4/62      AC: 15    Str: 12      XL:     11   Next: 27%
Magic:  14/14      EV: 15    Int: 11 (12) God:    Hepliaklqana [**....]
Gold:   703        SH:  0    Dex: 17 (18) Spells: 14/14 levels left

rFire   + + .      SeeInvis .   b - +0 dagger (venom)
rCold   + . .      Faith    .   (no shield)
rNeg    + . .      Spirit   .   d - +3 leather armour {Will+}
rPois   ∞          Reflect  .   c - +0 helmet
rElec   +          Harm     .   (no cloak)
rCorr   +          Rampage  .   (no gloves)
Will    +....      Clarity  +   (no boots)
Stlth   ++........              v - amulet of regeneration
HPRegen 1.00/turn               l - ring of protection from fire
MPRegen 0.14/turn               (no ring)

@: resistant, flying, hasted, studying Axes, very quick
A: reduced essence, sickness immunity, AC +8, negative energy resistance 1,
electricity resistance, torment resistance 1, petrification resistance, clarity
a: Renounce Religion, Recall Ancestor, Ancestor Identity


You were on level 9 of the Dungeon.
You worshipped Hepliaklqana.
Hepliaklqana was pleased with you.
You visited 2 branches of the dungeon, and saw 10 of its levels.

You collected 703 gold pieces.

Inventory:

Hand Weapons
 a - a +3 sling
 b - a +0 dagger of venom (weapon)
Missiles
 j - a throwing net
Armour
 c - a +0 helmet (worn)
 d - a +3 leather armour of willpower (worn)
 y - a +0 cloak
Jewellery
 h - the amulet of Virtue {RegenMP -Tele rF++ Int+2 SInv}
   (You took it off an orc wizard on level 7 of the Dungeon)

   [amulet of magic regeneration]

   It increases your rate of magic regeneration.
   Int:       It affects your intelligence (+2).
   rF:        It greatly protects you from fire.
   SInv:      It lets you see invisible.
   -Tele:     It prevents most forms of teleportation.
 l - a ring of protection from fire (left hand)
 v - an amulet of regeneration (around neck)
Wands
 p - a wand of roots (2)
 C - a wand of digging (7)
Scrolls
 t - 2 scrolls of magic mapping
 w - a scroll of enchant armour
 D - a scroll of immolation
Potions
 f - 2 potions of brilliance
 i - 2 potions of magic
 k - 4 potions of cancellation
 m - a potion of degeneration
Miscellaneous
 g - a condenser vane (inert)


   Skills:
 * Level 8.6 Fighting
 * Level 12.3 Ranged Weapons
 - Level 5.0 Armour
 - Level 6.9 Dodging
 - Level 2.1 Stealth
 - Level 2.0 Spellcasting
 - Level 1.0 Invocations


You had 14 spell levels left.
You didn't know any spells.
Your spell library contained the following spells:

 Spells                   Type           Power      Damage    Failure   Level
 Apportation              Tloc           2%         N/A       36%         1
 Necrotise                Necr           4%         1d4       36%         1
 Shock                    Conj/Air       4%         1d3       36%         1
 Summon Small Mammal      Summ           4%         N/A       36%         1
 Gell's Gravitas          Tloc           1%         N/A       73%         3
 Lesser Beckoning         Tloc           1%         N/A       73%         3
 Ozocubu's Armour         Ice            1%         N/A       73%         3
 Swiftness                Air            1%         N/A       73%         3
 Teleport Other           Tloc           1%         N/A       73%         3
 Airstrike                Air            0%         2d(1-17)  98%         4
 Freezing Cloud           Conj/Ice/Air   0%         6-21      100%        5
 Simulacrum               Ice/Necr       0%         N/A       100%        6
 Ozocubu's Refrigeration  Ice            0%         4d7       100%        7
 Polar Vortex             Ice            0%         N/A       100%        9


Dungeon Overview and Level Annotations

Branches:
Dungeon (9/15)             Temple (1/1) D:5             Orc (0/2) D:9
   Lair: D:8-11

Altars:
Ashenzari
Cheibriados
Dithmenos
Elyvilon
Fedhas
Gozag
Hepliaklqana
Makhleb
Nemelex Xobeh
Okawaru
Qazlal
Ru
Sif Muna
Trog
Uskayaw
Wu Jian
Yredelemnul
Zin

Shops:
D:1 *

Annotations:
D:3 1 runed translucent door, Barsook's ghost, amateur GrFi
D:7 1 runed translucent door, Powertoast's ghost, novice OgNe
D:9 3 runed translucent doors, Grum


Innate Abilities, Weirdness & Mutations

Your life essence is reduced to manifest your ancestor. (-10% HP)
You are immune to sickness and miasma.
Your stone body is resilient. (AC +8)
You are immune to poison.
You resist negative energy. (rN+)
You are resistant to electric shocks. (rElec)
You are resistant to unholy torment.
You are immune to petrification.
You possess an exceptional clarity of mind.


Message History

The orc warrior hits you with a +0 short sword!
The orc warrior hits you with a +0 dire flail.
The wyvern bites Njabulo!
You hit the orc warrior but do no damage.
The wyvern bites Njabulo!
The orc wizard closely misses Njabulo.
The orc warrior hits you with a +0 short sword!
* * * LOW HITPOINT WARNING * * *
Njabulo hits the wyvern with a +0 flail.
The orc warrior barely misses you.
You closely miss the orc warrior.
The wyvern bites Njabulo.
You hear a howl!
Something shouts, "Leave, thou bawdy crook-pated surfacer!"
You hear a shout!
You hear a howl!
Something shouts, "Quit, thou mammering limp-willed nightsoil!"
Something shouts, "Get thee gone, thou peeagling fool-headed vulture!"
Something shouts, "Escape, thou spongy half-faced fleecer!"
You closely miss the orc warrior.
Njabulo hits the wyvern with a +0 flail!
The orc wizard hits Njabulo but does no damage.
The orc warrior hits you with a +0 dire flail!
* * * LOW HITPOINT WARNING * * *
The orc warrior closely misses you.
The wyvern bites Njabulo!!
Njabulo is destroyed!
The wyvern hisses angrily.
You closely miss the orc warrior.
The orc warrior hits you but does no damage.
The orc warrior misses you.
Unknown command.
You hit the orc warrior but do no damage.
The orc warrior is almost dead.
The howler monkey hoots and howls with incredible vigour!
You hit the orc warrior but do no damage.
The orc warrior looks as sick as possible!
The orc warrior is almost dead.
You kill the orc warrior!
The orc warrior hits you with a +0 dire flail.
* * * LOW HITPOINT WARNING * * *
Unknown command.
The orc warrior hits you with a +0 dire flail.
You die...

§§§§.8.......+...#
.......o.....+...#
..§...#....h.#Y...
8.....#..o...#....
...#######.#.##...
..+. #)#..##..
.!## #)))..###
###o#.o.#####
#h)##@....#
##lo.o..#....
######## #


You could see an orc warrior, a wyvern, a wolf, an orc wizard and an orc.

Vanquished Creatures
  A hydra (D:7)
  A boulder beetle (D:7)
  An ugly thing (D:7)
  A manticore (D:7)
  2 trolls
  A hornet (D:7)
  Grinder (D:6)
  A shadow (D:7)
  A wyvern (D:7)
  4 yaks (D:6)
  A steam dragon (D:8)
  A water moccasin (D:6)
  Duvessa (D:6)
  4 orc warriors
  2 black bears
  4 ice beasts
  4 ogres
  2 centaurs
  4 kobold brigands
  Blork the orc (D:6)
  5 bullfrogs
  A necrophage (D:5)
  2 scorpions (D:6)
  5 wights
  Dowan (D:6)
  5 hounds
  A gnoll bouda (D:5)
  2 orc priests
  3 iguanas
  Ijyb (D:3)
  7 orc wizards
  5 adders
  9 gnolls
  A white imp (D:6)
  An ufetubus (D:7)
  10 dart slugs
  37 orcs
  7 bats
  5 endoplasms
  5 giant cockroaches
  5 hobgoblins
  11 jackals
  15 kobolds
  2 quokkas
  3 ball pythons
  2 frilled lizards (D:1)
  12 goblins
  5 rats
206 creatures vanquished.

Vanquished Creatures (collateral kills)
  A kobold demonologist (D:7)
  A wyvern (D:7)
  An orc warrior (D:9)
  A sky beast (D:7)
  A scorpion (D:7)
  2 wights (D:7)
  A howler monkey (D:9)
  An orc priest (D:9)
  An iguana (D:7)
  An orc wizard (D:9)
  A white imp (D:7)
  2 orcs (D:9)
  3 kobolds (D:7)
17 creatures vanquished.

Vanquished Creatures (others)
  A knight (D:9)
  An orc wizard (D:9)
  12 ancestors
  4 plants (D:4)
18 creatures vanquished.

Grand Total: 241 creatures vanquished

Notes
Turn   | Place    | Note
-------+----------+-------------------------------------------
     0 | D:1      | greasedhog the Gargoyle Wanderer began the quest for the
                  | Orb.
     0 | D:1      | greasedhog set off with the following items: a +2 sling, a
                  | scroll of fog, a +0 helmet, a potion of mutation, a +0
                  | robe.
     0 | D:1      | Reached XP level 1. HP: 12/12 MP: 3/3
     0 | D:1      | Noticed a shadow dragon
     0 | D:1      | Noticed a tentacled monstrosity
     0 | D:1      | Gained mutation: You occasionally lose the ability to read
                  | scrolls when taking damage. [potion of mutation]
     0 | D:1      | Gained mutation: You are partially covered in iridescent
                  | scales. (AC +2) [potion of mutation]
     0 | D:1      | Gained mutation: Your body sometimes deteriorates upon
                  | taking damage. [potion of mutation]
     4 | D:1      | Noticed an iron dragon
     4 | D:1      | Noticed an orb of fire
     6 | D:1      | Noticed an ice dragon
     8 | D:1      | Noticed a large abomination
     9 | D:1      | Noticed a yellow draconian
    10 | D:1      | Noticed an orb of fire
    12 | D:1      | Noticed a tentacled monstrosity
    12 | D:1      | Noticed a large abomination
    14 | D:1      | Noticed an iron dragon
    14 | D:1      | Noticed a shadow dragon
    16 | D:1      | Noticed an iron dragon
    16 | D:1      | Noticed an ice dragon
    16 | D:1      | Noticed a tentacled monstrosity
    18 | D:1      | Noticed an orb of fire
    20 | D:1      | Noticed an ice dragon
    22 | D:1      | Noticed a tentacled monstrosity
    47 | D:1      | Found Vocsius's General Store.
    73 | D:1      | Reached XP level 2. HP: 17/17 MP: 5/5
   522 | D:1      | Reached XP level 3. HP: 21/21 MP: 6/6
   609 | D:1      | Reached skill level 3 in Ranged Weapons
   998 | D:2      | Found a faded altar of an unknown god.
  1102 | D:2      | Reached XP level 4. HP: 24/27 MP: 7/7
  1617 | D:3      | Noticed Ijyb
  1631 | D:3      | Killed Ijyb
  1951 | D:3      | Noticed a black bear
  1964 | D:3      | Found a runed translucent door.
  1968 | D:3      | Noticed Barsook's ghost (amateur GrFi)
  1988 | D:3      | Reached XP level 5. HP: 8/33 MP: 8/8
  2397 | D:3      | Reached skill level 4 in Ranged Weapons
  2649 | D:3      | Killed a black bear
  2650 | D:3      | Reached XP level 6. HP: 25/39 MP: 9/9
  2777 | D:4      | You fall into a shaft and drop 1 floor!
  2777 | D:5      | Entered Level 5 of the Dungeon
  2808 | D:5      | Reached skill level 5 in Fighting
  2808 | D:5      | Reached skill level 5 in Ranged Weapons
  3222 | D:4      | Found a white marble altar of Elyvilon.
  3466 | D:4      | Reached skill level 1 in Armour
  3466 | D:4      | HP: 2/40 [orc/+1 bardiche of venom (12)]
  3887 | D:4      | Reached XP level 7. HP: 32/44 MP: 10/10
  4325 | D:5      | Found a staircase to the Ecumenical Temple.
  4343 | Temple   | Entered the Ecumenical Temple
  4672 | Temple   | Became a worshipper of Hepliaklqana the Forgotten
  4830 | D:5      | Lost mutation: You are partially covered in iridescent
                  | scales. (AC +2) [potion of mutation]
  4830 | D:5      | Lost mutation: Your body sometimes deteriorates upon taking
                  | damage. [potion of mutation]
  4830 | D:5      | Lost mutation: You occasionally lose the ability to read
                  | scrolls when taking damage. [potion of mutation]
  4830 | D:5      | Gained mutation: You possess an exceptional clarity of
                  | mind. [potion of mutation]
  4841 | D:5      | Found a sparkling altar of Nemelex Xobeh.
  4953 | D:5      | HP: 1/44 [gnoll/+0 flail[a gnoll bouda] (3)]
  5127 | D:5      | Reached skill level 6 in Ranged Weapons
  5170 | D:6      | Reached XP level 8. HP: 9/49 MP: 11/11
  5437 | D:6      | Reached skill level 7 in Ranged Weapons
  5437 | D:6      | Reached skill level 5 in Armour
  5442 | D:6      | Noticed Duvessa
  5442 | D:6      | Noticed a yak
  5444 | D:6      | Noticed Dowan
  5444 | D:6      | Noticed a yak
  5444 | D:6      | Noticed a yak
  5458 | D:6      | Killed Duvessa
  5459 | D:6      | Noticed Grinder
  5473 | D:6      | Killed a yak
  5477 | D:6      | Killed Dowan
  5489 | D:6      | Killed a yak
  5490 | D:6      | Reached skill level 8 in Ranged Weapons
  5490 | D:6      | Reached XP level 9. HP: 21/54 MP: 12/12
  5525 | D:6      | Paralysed by Grinder for 2 turns
  5530 | D:6      | Killed Grinder
  5592 | D:6      | Found a shimmering blue altar of Sif Muna.
  5714 | D:6      | Noticed Blork the orc
  5719 | D:6      | Killed Blork the orc
  5726 | D:6      | Found a stormy altar of Qazlal.
  5828 | D:6      | Reached skill level 9 in Ranged Weapons
  5830 | D:6      | Reached * piety under Hepliaklqana
  5863 | D:6      | Reached skill level 5 in Dodging
  6456 | D:7      | Found a runed translucent door.
  6472 | D:7      | Noticed Powertoast's ghost (novice OgNe)
  6624 | D:6      | Reached skill level 10 in Ranged Weapons
  6624 | D:6      | Reached XP level 10. HP: 45/53 MP: 13/13
  6674 | D:7      | Noticed a kobold demonologist
  6684 | D:7      | Identified the +7 mace of Annoyance {elec, Fragile +Blink
                  | Dex+4}
  6686 | D:7      | Identified the amulet of Virtue {RegenMP -Tele rF++ Int+2
                  | SInv}
  6686 | D:7      | Killed a kobold demonologist
  6699 | D:7      | Noticed a manticore
  6703 | D:7      | Noticed an eight-headed hydra
  6879 | D:7      | Noticed a green ugly thing
  6914 | D:7      | Killed a green ugly thing
  7201 | D:7      | Reached skill level 11 in Ranged Weapons
  7284 | D:7      | Noticed a boulder beetle
  7327 | D:7      | Killed a boulder beetle
  7481 | D:7      | Killed a manticore
  7482 | D:7      | Reached XP level 11. HP: 60/61 MP: 14/14
  7493 | D:7      | Found an iron altar of Okawaru.
  7587 | D:7      | Killed an eight-headed hydra
  7588 | D:7      | Reached skill level 12 in Ranged Weapons
  7982 | D:8      | Noticed Grum
  7992 | D:9      | Found a staircase to the Orcish Mines.
  7997 | D:9      | Found a bloodstained altar of Trog.
  8001 | D:9      | Found a runed translucent gate.
  8001 | D:9      | Found a runed translucent gate.
  8001 | D:9      | Found a runed translucent gate.
  8010 | D:9      | Reached ** piety under Hepliaklqana
  8011 | D:9      | Remembered your ancestor Njabulo as a knight
  8060 | D:9      | HP: 1/62 [orc warrior/+0 dire flail (13)]
  8064 | D:9      | Slain by an orc warrior

Illustrated notes

Levels and vault maps discovered:
D:1:      shiori_arrival_whats_in_store_for_you, layout_basic, serial_shops,
          nicolae_shop_hallway_plus, serial_forest,
          infiniplex_forest_straight_2, infiniplex_forest_lined_3,
          infiniplex_forest_straight_5, infiniplex_forest_lined_2,
          infiniplex_forest_straight_4, infiniplex_forest_clump_long,
          skrybe_limestone_x, dk_noncrumbling_3
D:2:      layout_basic, hellmonk_ecumenical_altar_pennies_from_heaven
D:3:      layout_basic, ebering_ghost_reflecting_pool, uniq_ijyb
D:4:      layout_loops_ring, nicolae_elyvilon_temple_path
D:5:      layout_rooms, amcnicky_altar_gilded,
          minmay_temple_entry_statues_fountains, corexii_item_surrounded_by_moat
D:6:      layout_loops_ring, led_sif_pool, kennysheep_mini_moat,
          minmay_manual_monstrance, uniq_grinder, uniq_blork_the_orc,
          uniq_duvessa
D:7:      minmay_the_grid_octo_tiled_squarecenter [minmay_the_grid_octo_77,
          minmay_the_grid_octo_toaster, minmay_the_grid_octo_odd_swirl,
          minmay_the_grid_octo_pinwheel,
          minmay_the_grid_square_5x5_megaprize_open,
          minmay_the_grid_square_5x5_moneybag,
          minmay_the_grid_square_5x5_minimal,
          minmay_the_grid_square_5x5_percent, minmay_the_grid_square_5x5_plus],
          layout_rooms, nicolae_overflow_hidden_temple,
          ebering_ghost_reflecting_pool
D:8:      layout_basic, minmay_shop_enchanted_jewellery, nicolae_water_bricks,
          uniq_grum
D:9:      layout_basic, grunt_temple_overflow_open, david_orc_2,
          gammafunk_ghost_icy, hex_medium, lemuel_another_geyser
Temple:   minmay_temple_forest_path

Skill      XL: |  1  2  3  4  5  6  7  8  9 10 11 |
---------------+----------------------------------+-----
Fighting       | 2 3 4 5 7 8 |  8.6
Ranged Weapons | 3 4 5 6 8 10 11 12 | 12.3
Armour         | 1 4 5 |  5.0
Dodging        | 3 6 |  6.9
Stealth        | |  2.1
Spellcasting   | |  2.0
Invocations    | |  1.0

Action                   |  1- 3 |  4- 6 |  7- 9 | 10-12 || total
-------------------------+-------+-------+-------+-------++-------
Melee: Dagger            |       |    34 |    46 |    87 ||   167
       Punch             |       |     1 |     1 |       ||     2
       Sling             |       |       |       |     1 ||     1
 Fire: Sling             |   103 |   165 |   351 |   237 ||   856
Invok: Recall Ancestor   |       |       |       |     4 ||     4
       Ancestor Life: Kn |       |       |       |     1 ||     1
Evoke: Wand              |       |     3 |    18 |    11 ||    32
       Condenser vane    |       |       |       |     1 ||     1
  Use: Potion            |     1 |     1 |     2 |    13 ||    17
       Scroll            |     1 |     3 |     5 |     9 ||    18
 Stab: Confused          |       |       |       |     2 ||     2
Armor: Robe              |    20 |       |       |       ||    20
       Leather armour    |     4 |    62 |   100 |   107 ||   273
Dodge: Dodged            |    39 |    70 |   153 |   179 ||   441
